 Dungeon Crawl Stone Soup version 0.23.2-33-g5129a83 (webtiles) character file.

Game seed: 11109635456662360479

9519 Fortress the Arsonist (level 11, -5/94 HPs)
             Began as a Yellow Draconian Fire Elementalist on Aug 5, 2019.
             Was an Elder of Vehumet.
             Slain by a yak (9 damage)
             ... on level 11 of the Dungeon.
             The game lasted 01:11:50 (11864 turns).

Fortress the Arsonist (DrFE)                       Turns: 11864, Time: 01:11:50

Health: -5/94      AC: 12    Str: 11    XL:     11   Next: 24%
Magic:  5/18       EV: 12    Int: 18    God:    Vehumet [****..]
Gold:   534        SH:  0    Dex: 12    Spells: 2/20 levels left

rFire    . . .     SeeInvis .   n - +5 quarterstaff (chaos)
rCold    . . .     Gourm    .   (shield currently unavailable)
rNeg     . . .     Faith    .   (armour unavailable)
rPois    +         Spirit   .   (helmet restricted)
rElec    .         Reflect  .   o - +1 cloak {rPois}
rCorr    +         Harm     .   B - +2 pair of gloves
MR       +....                  (no boots)
Stlth    ++........             l - amulet of regeneration
HPRegen  0.65/turn              w - ring of protection from magic
MPRegen  0.16/turn              (no ring)

@: no status effects
A: spit acid, unfitting armour, cold-blooded, acid resistance, AC +7
a: Breathe Acid, Renounce Religion


You were on level 11 of the Dungeon.
You worshipped Vehumet.
Vehumet was greatly pleased with you.
You were not hungry.

You visited 2 branches of the dungeon, and saw 12 of its levels.
You also visited: Sewer.

You collected 622 gold pieces.
You spent 88 gold pieces at shops.

Inventory:

Hand Weapons
 c - a +0 short sword
 n - a +5 quarterstaff of chaos (weapon)
 p - a +1 flail of protection
 q - a +1 mace of draining
 s - a +0 fustibalus
Missiles
 a - 37 poisoned needles
 g - 82 sling bullets (quivered)
Armour
 o - a +1 cloak of poison resistance (worn)
 B - a +2 pair of gloves (worn)
Jewellery
 l - an amulet of regeneration (around neck)
 w - a ring of protection from magic (left hand)
 z - an uncursed amulet of the acrobat
Wands
 x - a wand of random effects (16)
 C - a wand of iceblast (6)
 E - a wand of enslavement (17)
Scrolls
 d - 2 scrolls of identify
 f - 8 scrolls of teleportation
 h - a scroll of enchant weapon
 j - 2 scrolls of blinking
 k - 4 scrolls of remove curse
 m - a scroll of amnesia {unknown}
 r - a scroll of fog
 u - a scroll of enchant armour
 y - a scroll of noise {unknown}
 F - a scroll of immolation {unknown}
Potions
 e - 2 potions of lignification
 i - 8 potions of flight
 t - a potion of agility
 v - a potion of haste {unknown}
 D - a potion of ambrosia {unknown}
 H - a potion of curing {unknown}
Comestibles
 b - 10 rations


   Skills:
 * Level 8.1 Fighting
 + Level 1.9 Staves
 - Level 0.3 Slings
 - Level 2.0 Dodging
 - Level 2.0 Stealth
 - Level 5.0 Spellcasting
 - Level 10.0 Conjurations
 - Level 1.0 Hexes
 - Level 11.0 Fire Magic
 * Level 2.7 Evocations


You had 2 spell levels left.
You knew the following spells:

 Your Spells              Type           Power        Failure   Level  Hunger
a - Flame Tongue          Conj/Fire      #####        1%          1    None
b - Throw Flame           Conj/Fire      #####.       1%          2    #......
c - Conjure Flame         Conj/Fire      #####...     1%          3    ##.....
d - Inner Flame           Hex/Fire       ####....     1%          3    ##.....
e - Sticky Flame          Conj/Fire      #####...     1%          4    ####...
f - Fireball              Conj/Fire      #####.....   1%          5    ######.

Your spell library contained the following spells:

 Spells                   Type           Power        Failure   Level  Hunger
 Olgreb's Toxic Radiance  Pois           #.......     32%         4    ####...


Dungeon Overview and Level Annotations

Branches:
Dungeon (11/15)            Temple (1/1) D:4
   Lair: D:8-11         Orc: D:9-12

Altars:
Ashenzari
Cheibriados
Dithmenos
Elyvilon
Fedhas
Gozag
Hepliaklqana
Kikubaaqudgha
Makhleb
Nemelex Xobeh
Okawaru
Qazlal
Ru
Sif Muna
Trog
Uskayaw
Vehumet
Wu Jian
Xom
Yredelemnul
Zin
The Shining One

Shops:
D:4 ?   D:11 (

Portals:
Trove: D:10 (give 19 scrolls of identify)

Annotations:
D:3 Sigmund
D:5 3 runed translucent doors, RebellionBird's ghost, novice TrTm


Innate Abilities, Weirdness & Mutations

You can spit globs of acid.
Your golden yellow scales are hard. (AC +7)
You cannot fit into any form of body armour.
You are cold-blooded and may be slowed by cold attacks.
You are resistant to acid. (rCorr)


Message History

Aiming: Conjure Flame (safe; 1% risk of failure)
Press: ? - help, Dir - move target cursor, p - yak The fire ignites!
The yak gores you!
* * * LOW HITPOINT WARNING * * *
You barely miss the yak.
The yak is almost dead.
You hear the loud beating of a distant drum.
The yak misses you. The yak gores you.
* * * LOW HITPOINT WARNING * * *
Casting: Conjure Flame (safe; 1% risk of failure)
Confirm with . or Enter, or press ? or * to list all spells.
Aiming: Flame Tongue (safe; 1% risk of failure)
Press: ? - help, Shift-Dir - straight line, f - yak
Aim: a yak (almost dead, fast)
The flame tongue hits the yak.
The yak is almost dead.
The yak gores you.
* * * LOW HITPOINT WARNING * * *
The yak gores you!
You die...

##### ######## #....
#...)))# #.... #
#####.#.##(# #....
...## #..>..#.##.#
#.<..
#....#Y#####.##.###....
#..@§S..#.##...#....
#####.Y##.####......
#....#.#..# ###....
####..∩..## #....
#.#.### ##### ###..#
#♣†.# ≈..# ≈≈..#


You could see 2 yaks and an adder.

Vanquished Creatures
  2 two-headed ogres
  Maurice (D:8)
  A komodo dragon (D:10)
  2 trolls (D:7)
  Grinder (D:3)
  2 hippogriffs
  12 yaks
  A wyvern (D:9)
  A hungry ghost (D:7)
  A water moccasin (D:8)
  2 orc warriors
  2 sky beasts
  4 ice beasts
  5 ogres
  A black bear (D:9)
  3 phantoms (D:6)
  5 centaurs
  A crocodile (D:10)
  3 big kobolds
  4 bullfrogs
  A water moccasin zombie (D:5)
  A scorpion (D:7)
  9 killer bees
  5 wights (D:6)
  2 howler monkeys (D:9)
  6 crimson imps
  A quasit (D:7)
  2 bullfrog zombies
  2 centaur zombies
  A hound (D:5)
  3 orc priests
  Crazy Yiuf (D:2)
  A gnoll shaman (D:6)
  2 bullfrog skeletons
  4 iguanas
  3 orc wizards
  5 worker ants
  Terence (D:3)
  A hound skeleton (D:6)
  A hound zombie (D:6)
  2 worker ant zombies
  Robin (D:3)
  4 gnolls
  A howler monkey skeleton (D:6)
  17 adders
  A river rat (D:4)
  3 shadow imps
  2 oozes
  An adder zombie (D:6)
  2 worms (D:4)
  4 dart slugs
  7 leopard geckos
  24 orcs
  2 ball pythons
  6 giant cockroaches
  10 goblins
  3 hobgoblins
  15 jackals
  2 quokkas
  14 bats
  3 frilled lizards
  A jackal skeleton (D:7)
  17 kobolds
  A quokka zombie (D:8)
  10 rats
259 creatures vanquished.

Vanquished Creatures (others)
  4 plants (D:11)
4 creatures vanquished.

Grand Total: 263 creatures vanquished

Notes
Turn   | Place    | Note
-------+----------+-------------------------------------------
     0 | D:1      | Fortress the Draconian Fire Elementalist began the quest
                  | for the Orb.
     0 | D:1      | Reached XP level 1. HP: 14/14 MP: 3/3
   281 | D:1      | Reached XP level 2. HP: 18/20 MP: 0/5
   731 | D:2      | Reached XP level 3. HP: 25/26 MP: 1/6
   810 | D:2      | Reached skill level 4 in Fire Magic
  1235 | D:2      | Found a runed translucent door.
  1236 | D:2      | Noticed Crazy Yiuf
  1358 | D:2      | Killed Crazy Yiuf
  1358 | D:2      | Reached XP level 4. HP: 10/33 MP: 1/8
  1711 | D:3      | Noticed Robin
  1904 | D:3      | Killed Robin
  2157 | D:3      | Reached XP level 5. HP: 38/38 MP: 7/9
  2233 | D:3      | Noticed Sigmund
  2259 | D:3      | Noticed Grinder
  2280 | D:3      | Killed Grinder
  2280 | D:3      | Reached skill level 5 in Fire Magic
  2280 | D:3      | Reached XP level 6. HP: 19/45 MP: 1/11
  2437 | D:3      | Noticed Terence
  2442 | D:3      | Killed Terence
  3041 | D:3      | Found a snail-covered altar of Cheibriados.
  3229 | D:4      | Found Saytath's Magic Scroll Shoppe.
  3233 | D:4      | Bought a scroll of remove curse for 33 gold pieces
  3233 | D:4      | Bought a scroll of identify for 22 gold pieces
  3233 | D:4      | Bought a scroll of teleportation for 33 gold pieces
  3285 | D:4      | Your scales start taking on a golden yellow colour.
  3285 | D:4      | Reached XP level 7. HP: 50/50 MP: 3/13
  3285 | D:4      | Gained mutation: You are resistant to acid. (rCorr) [Yellow
                  | Draconian growth]
  3502 | D:4      | Found a glowing drain.
  3514 | Sewer    | Entered a sewer
  4664 | D:4      | Found a staircase to the Ecumenical Temple.
  4751 | Temple   | Entered the Ecumenical Temple
  5111 | Temple   | Became a worshipper of Vehumet
  5193 | D:5      | Entered Level 5 of the Dungeon
  5435 | D:5      | Reached skill level 5 in Spellcasting
  5439 | D:5      | Learned a level 2 spell: Throw Flame
  5443 | D:5      | Learned a level 3 spell: Conjure Flame
  5447 | D:5      | Learned a level 3 spell: Inner Flame
  5459 | D:5      | Learned a level 4 spell: Sticky Flame
  5565 | D:5      | Reached skill level 6 in Fire Magic
  5686 | D:5      | Found a runed translucent gate.
  5688 | D:5      | Found a runed translucent gate.
  5694 | D:5      | Found a runed translucent gate.
  5698 | D:5      | Reached * piety under Vehumet
  5698 | D:5      | Offered knowledge of Magic Dart by Vehumet.
  5698 | D:5      | Reached skill level 1 in Fighting
  5704 | D:5      | Reached XP level 8. HP: 54/59 MP: 7/15
  5884 | D:5      | Found a deep blue altar of Sif Muna.
  5914 | D:5      | Found a white marble altar of Elyvilon.
  5915 | D:5      | Found a shadowy altar of Dithmenos.
  6092 | D:5      | Reached skill level 5 in Conjurations
  6200 | D:5      | Noticed RebellionBird's ghost (novice TrTm)
  6582 | D:6      | Reached skill level 7 in Fire Magic
  7350 | D:6      | Reached XP level 9. HP: 70/71 MP: 4/16
  7435 | D:7      | Offered knowledge of Throw Frost by Vehumet.
  7436 | D:7      | Reached ** piety under Vehumet
  7499 | D:7      | Reached skill level 8 in Fire Magic
  7502 | D:7      | Noticed a troll
  7958 | D:7      | Noticed a troll
  7977 | D:7      | Killed a troll
  8317 | D:7      | Reached skill level 5 in Fighting
  8446 | D:7      | Killed a troll
  8446 | D:7      | Reached skill level 9 in Fire Magic
  8537 | D:7      | Learned a level 5 spell: Fireball
  8705 | D:8      | Noticed a two-headed ogre
  8842 | D:7      | Killed a two-headed ogre
  8842 | D:7      | Reached XP level 10. HP: 18/83 MP: 7/17
  9178 | D:8      | Reached skill level 1 in Hexes
  9287 | D:8      | Noticed Maurice
  9290 | D:8      | Offered knowledge of Static Discharge by Vehumet.
  9428 | D:8      | Reached skill level 10 in Fire Magic
  9659 | D:8      | Killed Maurice
 10109 | D:9      | Reached *** piety under Vehumet
 10601 | D:9      | Offered knowledge of Olgreb's Toxic Radiance by Vehumet.
 10704 | D:10     | Entered Level 10 of the Dungeon
 10714 | D:10     | Reached skill level 10 in Conjurations
 10715 | D:10     | Reached skill level 11 in Fire Magic
 10928 | D:10     | Found a portal to a secret trove of treasure.
 10976 | D:10     | Reached XP level 11. HP: 14/92 MP: 9/18
 10980 | D:10     | HP: 6/138 [killer bee (4)]
 10986 | D:10     | HP: 5/138 [iguana (2)]
 10991 | D:10     | HP: 4/138 [iguana (1)]
 10993 | D:10     | Reached skill level 1 in Evocations
 11379 | D:10     | Reached **** piety under Vehumet
 11384 | D:10     | Noticed a two-headed ogre
 11398 | D:10     | Killed a two-headed ogre
 11398 | D:10     | Reached skill level 1 in Staves
 11799 | D:11     | Found Miejoj's Antique Weapon Emporium.
 11864 | D:11     | HP: 4/94 [yak (5)]
 11864 | D:11     | Slain by a yak

Skill      XL: |  1  2  3  4  5  6  7  8  9 10 11 |
---------------+----------------------------------+-----
Dodging        | 2 |  2.0
Fire Magic     | 4 5 6 7 9 11 | 11.0
Stealth        | 2 |  2.0
Conjurations   | 2 3 4 6 8 10 | 10.0
Spellcasting   | 3 4 5 |  5.0
Fighting       | 1 3 5 7 8 |  8.1
Hexes          | 1 |  1.0
Evocations     | 2 |  2.7
Staves         | 1 |  1.9
Slings         | |  0.3

Action                   |  1- 3 |  4- 6 |  7- 9 | 10-12 || total
-------------------------+-------+-------+-------+-------++-------
Melee: Unarmed           |     6 |       |       |       ||     6
       Short sword       |     7 |       |       |       ||     7
       Quarterstaff      |       |    37 |    65 |    58 ||   160
       Tailslap          |       |     4 |     3 |     1 ||     8
 Fire: Fustibalus        |       |       |       |     2 ||     2
 Cast: Flame Tongue      |    49 |    71 |   268 |   204 ||   592
       Throw Flame       |       |       |    43 |    34 ||    77
       Conjure Flame     |       |       |     3 |     7 ||    10
       Sticky Flame      |       |       |     2 |     2 ||     4
       Inner Flame       |       |       |     2 |     1 ||     3
       Fireball          |       |       |       |     4 ||     4
  Use: Potion            |       |     1 |     1 |     4 ||     6
       Scroll            |       |     2 |     7 |     5 ||    14
 Stab: Distracted        |       |       |     1 |       ||     1
       Sleeping          |       |       |     1 |       ||     1
       Paralysed         |       |       |       |     1 ||     1
  Eat: Chunk             |     1 |     2 |     7 |     6 ||    16
       Ration            |       |     1 |     4 |     2 ||     7
Armor: Skin              |     3 |    45 |   103 |   122 ||   273
Dodge: Dodged            |    15 |    80 |   142 |   138 ||   375
